 Dungeon Crawl Stone Soup version 0.31-a0-705-ga145531891 (webtiles) character file.

Game seed: 4314246268972653060

2 dialectric the Trooper (level 1, -1/11 HPs)
             Began as a Vine Stalker Berserker on Sept 9, 2023.
             Was a Follower of Trog.
             Slain by a gnoll
             ... wielding a +0 whip
              (8 damage)
             ... on level 1 of the Dungeon.
             The game lasted 00:00:06 (86 turns).

dialectric the Trooper (Vine Stalker Berserker)       Turns: 86, Time: 00:00:06

Health: -1/11      AC:  2    Str: 19    XL:     1   Next: 40%
Magic:  0/2        EV: 12    Int:  7    God:    Trog [*.....]
Gold:   0          SH:  0    Dex: 13    Spells: 0/0 levels left

rFire   . . .        a - +0 mace
rCold   . . .        (no shield)
rNeg    . . .        b - +0 animal skin
rPois   .            (no helmet)
rElec   .            (no cloak)
rCorr   .            (no gloves)
SInv    .            (no boots)
Will    .....        (no amulet)
Stlth   +            (no ring)
HPRegen 1.01/turn    (no ring)
MPRegen 0.08/turn

%: guardian spirit
@: no status effects
A: fangs 2, regeneration 1, magic shield, antimagic bite, no potion heal 2
a: Renounce Religion, Berserk


You were on level 1 of the Dungeon.
You worshipped Trog.
Trog was aware of your devotion.
You visited 1 branch of the dungeon, and saw 1 of its levels.

Inventory:

Hand Weapons
 a - a +0 mace (weapon)
Armour
 b - a +0 animal skin (worn)
Jewellery
 c - a ring of magical power
Potions
 d - a potion of enlightenment {unknown}


   Skills:
 + Level 2.7 Fighting
 + Level 2.7 Maces & Flails
 + Level 1.6 Armour
 + Level 1.6 Dodging


You couldn't memorise any spells.
You didn't know any spells.
Your spell library was empty.

Dungeon Overview and Level Annotations

Branches:
Dungeon (1/15)

Altars:


Innate Abilities, Weirdness & Mutations

You have extremely sharp teeth.
Your natural rate of healing is unusually fast.
When hurt, damage is shared between your health and your magic reserves.
Your bite disrupts and absorbs the magic of your enemies.
Potions cannot restore your health.


Message History

Trog accepts your kill.
No target in view!
No target in view!
No target in view!
No target in view!
No target in view!
No target in view!
No target in view!
d - a puce potion
Found a stone staircase leading down.
No target in view!
A bat comes into view.
The bat hits you but does no damage. x2
You hit the bat.
You kill the bat!
Trog accepts your kill.
No target in view!
No target in view!
No target in view!
No target in view!
No target in view!
No target in view!
A ball python comes into view.
The ball python hisses angrily.
A ball python is nearby!
A hobgoblin comes into view.
There are monsters nearby!
A gnoll comes into view. It is wielding a +0 whip.
The gnoll shouts!
You hit the ball python.
You kill the ball python!
Trog accepts your kill.
A hobgoblin comes into view.
The hobgoblin shouts!
A dart slug comes into view.
Found a book of Annihilations.
The gnoll hits you with a +0 whip.
You closely miss the gnoll. Your bite misses the gnoll.
The hobgoblin misses you. The gnoll hits you with a +0 whip!
Ouch! That really hurt!
You die...

..#.. #. #.#.# . #.#
#.#.#.. #.# #.#.. #.#
#...# # #.###.#:##
###...###...†.#..#w#
.............@gg.#
#...###....##g.## .
#.##.....>.....#
.#####.............#.#
#..........#......## #
#.....>.†..#...##.#
#(.......##...# ..#
#........##...# .#.
##........##.###


You could see a gnoll, a dart slug and 2 hobgoblins.

Vanquished Creatures
  A ball python (D:1)
  2 bats (D:1)
  A rat (D:1)
4 creatures vanquished.

Notes
Turn   | Place    | Note
-------+----------+-------------------------------------------
     0 | D:1      | dialectric the Vine Stalker Berserker began the quest for
                  | the Orb.
     0 | D:1      | Reached XP level 1. HP: 11/11 MP: 2/2
    86 | D:1      | Slain by a gnoll

Illustrated notes

Levels and vault maps discovered:
D:1:      dpeg_arrival_snail, layout_loops_ring, minivault_14, minmay_ruptured

Action                     || total
---------------------------++-------
  Melee: Mace              ||     8
         Bite              ||     1
 Armour: Animal skin       ||     7
  Dodge: Dodged            ||     5

Table legend: (Time is in decaauts)
 A = Elapsed time spent in this place.
 B = Non-inter-level travel time spent in this place.
 C = Inter-level travel time spent in this place.
 D = Time resting spent in this place.
 E = Time spent auto-exploring this place.
 F = Levels seen in this place.
 G = Mean time per level.
                   A        B        C        D        E       F      G
               +--------+--------+--------+--------+--------+-----+--------+
         Total |     87 |     87 |      0 |      0 |     60 |   1 |   87.0 |
       Dungeon |     87 |     87 |      0 |      0 |     60 |   1 |   87.0 |
               +--------+--------+--------+--------+--------+-----+--------+

Top non-repeatable levels by time:
     D:1: 87 daAuts
